[Event "Early-Titled-Tuesday-Blitz-July-09-2024"]
[Site "Chess.com"]
[Date "2024.07.09"]
[Round "4"]
[White "Ratkovic_Miloje"]
[Black "artin10862"]
[Result "0-1"]
[WhiteElo "2790"]
[BlackElo "2953"]
[TimeControl "180+1"]
[EndTime "8:41:37 PDT"]
[Termination "artin10862 won by checkmate"]

1. d4 e6 2. c4 d5 3. Nc3 Nf6 4.
Bg5 Be7 5. e3 h6 6. Bh4 O-O 7. Qc2 b6 8. Nf3 Bb7 9. Bxf6 Bxf6 10.
cxd5 exd5 11. Be2 c5 12. O-O Nc6 13. Rfd1 cxd4 14. Nxd4 Nxd4 15. exd4 Rc8 16. Qb3 Be7 17. Rac1 Bg5 18. Rc2 Re8 19. Bf3 Rc7 20. g3 Qd7 21.
Re2 Rxe2 22. Bxe2 Qe6 23. Bf3 Rd7 24. h4 Bf6 25. Ne2 Qf5 26. Kg2 g5 27. hxg5 hxg5 28. g4 Qg6 29. Ng3 Rd8 30. Nf5 Bc8 31. Ne3 Be7 32.
Bxd5 Bd6 33. Bf3 Be6 34. d5 Bd7 35. Qd3 Qxd3 36. Rxd3 Rc8 37. Be4 Rc1 38. Rc3 Rxc3 39. bxc3 Be5 40. c4 Kf8 41. Bf5 Ba4 42. Bc2 Bd7 43.
Kf3 Ke7 44. Bf5 Be8 45. Bc2 Kd6 46. Ke4 f6 47. Kd3 Kc5 48. Kd2 Kd4 49. Bd3 Bf4 50.
Ke2 Bd7 51. Bf5 Be8 52. Be6 Kc5 53. Kd3 Bg6+ 54. Bf5 Be8 55. Be4 Ba4 56. Nf5 Bd7 57. Nd4 Bxg4 58. Bf5 Bd1 59. Nb5 a6 60. Nc3 Bf3 61. a3 Kd6 62. Be4 Bg4 63. f3 Bd7 64.
Bg6 f5 65. Bf7 Ke5 66. Bg8 g4 67. fxg4 fxg4 68. Bh7 g3 69. Be4 Bh3 70. Ne2 Bf1 71. Bf3 Bg5 72. Kc2 Bxe2 73. Bxe2 g2 74. d6 g1=Q 75.
d7 Qc1+ 76. Kb3 Qd2 77. Ka4 Qxd7+ 78. Kb3 Qd2 79. c5 Qxe2 80. cxb6 Qb5+ 81. Ka2 Kd4 82. a4 Qb4 83. a5 Kc3 84. Ka1 Kc2 85. Ka2 Qb2# 0-1

[Event "Early-Titled-Tuesday-Blitz-July-09-2024"]
[Site "Chess.com"]
[Date "2024.07.09"]
[Round "4"]
[White "vladjianu"]
[Black "MetiForce"]
[Result "1/2-1/2"]
[WhiteElo "2584"]
[BlackElo "2832"]
[TimeControl "180+1"]
[EndTime "8:41:42 PDT"]
[Termination "Game drawn by repetition"]

1. d4 Nf6 2. c4 e6 3. Nf3 d5 4. g3 dxc4 5. Bg2 Bd7 6. Ne5 Bc6 7. Nxc6 Nxc6 8. O-O Qd7 9. e3 O-O-O 10. Nc3 h5 11. b3 Bb4 12. Bb2 cxb3 13. Qxb3 Nd5 14. Nxd5 exd5 15. Rfc1 Ba5 16. Rab1 Bb6 17. a4 Na5 18.
Qc2 c6 19. Bc3 Nc4 20. Qa2 Bc7 21. a5 a6 22. Be1 g6 23. Rxc4 dxc4 24. Qxc4 h4 25.
Qb3 Bb8 26. Bd2 Rh5 27. Bxc6 Qxc6 28. Rc1 Qxc1+ 29. Bxc1 hxg3 30. fxg3 Rd7 31. e4 Rxa5 32. Qc3+ Bc7 33. Bf4 Rb5 34. d5 Kb8 35. Be3 Bb6 36. Kg2 Bxe3 37. Qxe3 b6 38. h4 Kb7 39. g4 Rc5 40. h5 gxh5 41. gxh5 f5 42. h6 fxe4 43. Qxe4 Ka7 44. h7 Rc8 45. Qf5 Rg7+ 46. Kf3 Rh8 47. Ke4 Rhxh7 48. Kd4 Rd7 49. Qe6 Rhe7 50. Qc6 Rc7 51. Qf6 Red7 52. Qe6 a5 53. Kd3 Rb7 54. Kc4 Rdc7+ 55. Kb3 Re7 56. Qc6 Rbc7 57. Qf6 Re3+ 58.
Kb2 Re2+ 59. Kb3 Re3+ 60. Kb2 Rd3 61. Qf5 Rd2+ 62. Kb3 Rc5 63. Qf7+ Ka6 64. Qf1+ Rb5+ 65. Ka4 Rd4+ 66. Ka3 Rxd5 67. Qc4 Rc5 68. Qg4 Kb7 69. Qf3+ Kb8 70. Qf8+ Rc8 71. Qd6+ Kb7 72. Qd7+ Rc7 73. Qxb5 Rc5 74. Qd3 Kc6 75. Qe4+ Kc7 76. Qe7+ Kc6 77. Kb3 Kb5 78. Qd7+ Ka6 79. Qd8 Rb5+ 80. Kc4 Rc5+ 81. Kd4 Kb7 82. Qd7+ Rc7 83. Qd5+ Ka7 84. Qd6 Kb7 85. Qd5+ Ka7 86. Qd6 Kb7 87. Qd5+ 1/2-1/2

[Event "Early-Titled-Tuesday-Blitz-July-09-2024"]
[Site "Chess.com"]
[Date "2024.07.09"]
[Round "4"]
[White "sleeping_in_the_fire"]
[Black "Alex_Banzea"]
[Result "0-1"]
[WhiteElo "2473"]
[BlackElo "2705"]
[TimeControl "180+1"]
[EndTime "8:42:02 PDT"]
[Termination "Alex_Banzea won by checkmate"]

1. e4 c6 2. d4 d5 3. Nc3 dxe4 4. Nxe4 Nf6 5. Nxf6+ exf6 6. c3 Bd6 7. Bd3 O-O 8. Qc2 Re8+ 9. Ne2 h6 10. O-O Nd7 11. Bd2 Nf8 12. Rae1 Be6 13. Nf4 Bxf4 14. Bxf4 Qd7 15.
Be3 Ng6 16. c4 Ne7 17. Rc1 Bf5 18. Rfd1 Rad8 19. h3 h5 20. d5 cxd5 21. Bxf5 Qxf5 22. Bxa7 Qxc2 23. Rxc2 dxc4 24. Rxd8 Rxd8 25. Rxc4 Ra8 26. Bc5 Nc6 27. a3 Rd8 28. Be3 Rd1+ 29. Kh2 Rb1 30. b4 Rb3 31. Re4 Rxa3 32. Re8+ Kh7 33. b5 Ne5 34. Re7 Nc4 35. Bc5 Rb3 36. Rxb7 Kg6 37. b6 Ne5 38. Rc7 Nd3 39. Be3 Rb2 40. b7 Ne5 41.
Re7 Nc6 42. Rc7 Na5 43. Rc5 Nxb7 44. Rc4 Nd6 45. Rc6 Nf5 46. Rc4 Nxe3 47. fxe3 Rb3 48. e4 Re3 49. Rd4 Ra3 50. Kg1 Ra5 51. Kf2 Re5 52.
Kf3 Re6 53. Kf4 Re5 54. Rd5 Re6 55. Ra5 Rb6 56. g4 hxg4 57. hxg4 Rb1 58. Rc5 Rf1+ 59. Kg3 Re1 60. Kf4 Ra1 61. Kf3 Ra6 62. Kf4 Rd6 63.
Kf3 Rd3+ 64. Kf4 Rb3 65. Rd5 Kh6 66. Ra5 Kg6 67. Rc5 Rb8 68. Ra5 Kh7 69. Rh5+ Kg8 70. Ra5 g6 71. g5 Kg7 72. gxf6+ Kxf6 73. Ra6+ Kg7 74. e5 Rb1 75. Ra7 Rf1+ 76. Ke4 Re1+ 77.
Kd5 Rd1+ 78. Kc6 Kg8 79. Ra8+ Kg7 80. Ra7 Kf8 81. Rb7 g5 82. Kc5 g4 83. Rb4 g3 84.
Rg4 Rg1 85. Kd5 g2 86. Rd4 Re1 87. Kc6 g1=Q 88. Rd8+ Kg7 89. Rd2 Rc1+ 90. Kd5 Rd1 91. Ke4 Rxd2 92. Kf5 Qf2+ 93. Ke4 Qe2+ 94. Kf5 Rd3 95. Kg5 Rg3+ 96. Kh4 Qh2# 0-1

[Event "Early-Titled-Tuesday-Blitz-July-09-2024"]
[Site "Chess.com"]
[Date "2024.07.09"]
[Round "4"]
[White "VaglioSagan"]
[Black "Ditman2007"]
[Result "1/2-1/2"]
[WhiteElo "2510"]
[BlackElo "2709"]
[TimeControl "180+1"]
[EndTime "8:42:03 PDT"]
[Termination "Game drawn by repetition"]

1. d4 Nf6 2. c4 c5 3. d5 b5 4. a4 b4 5. b3 g6 6. Bb2 Bg7 7. e4 O-O 8. Bd3 d6 9. Ne2 e5 10. dxe6 Bxe6 11. O-O Nc6 12. Qc2 Re8 13. Nd2 Qc7 14.
Rae1 Ne5 15. Nf4 Nfd7 16. Be2 Nb8 17. Nd5 Bxd5 18. exd5 h5 19. h3 Ned7 20. Bxg7 Kxg7 21. Ne4 a5 22. f4 Ra6 23. f5 Re5 24. Bd3 Qd8 25. f6+ Kf8 26. Qd2 Kg8 27. Re2 Qf8 28. Ref2 Ra7 29. Qf4 Rc7 30. Ng5 Rc8 31. Nf3 Rce8 32.
Nxe5 Nxe5 33. Bc2 Nbd7 34. Qg5 Kh8 35. g4 Kh7 36. gxh5 Qh6 37. Qxh6+ Kxh6 38. hxg6 Nxg6 39. Bxg6 Kxg6 40. Rg2+ Kh6 41. Rf4 Kh5 42. Rg7 Ne5 43. Rf5+ Kh6 44. Rf4 Kh5 45. Rf5+ Kh6 46. Rxe5 Rxe5 47.
Rxf7 Rf5 48. Rf8 Kg6 49. f7 Kg7 50. Rd8 Kxf7 51. Rxd6 Rf3 52. Rc6 Rxb3 53. Rxc5 Rc3 54. Rxa5 Rxc4 55. Rb5 Rd4 56. a5 Rd3 57. Kg2 Ra3 58.
a6 b3 59. a7 Ra2+ 60. Kg3 b2 61. Rxb2 Rxa7 62. Rb6 Ra3+ 63. Kg4 Ra4+ 64. Kg5 Ra3 65. h4 Rg3+ 66. Kf4 Rg1 67. d6 Ke6 68. h5 Rg8 69. Ra6 Rg1 70. h6 Rg2 71. h7 Rh2 72. Ra7 Rh5 73.
Kg4 Rh1 74. Kg5 Rg1+ 75. Kh6 Rh1+ 76. Kg7 Rg1+ 77. Kh8 Kxd6 78. Rg7 Ra1 79. Rf7 Ke6 80. Rf8 Ke7 81. Rf4 Rg1 82. Rf5 Ke8 83. Rf4 Ke7 84. Rf3 Ke8 85. Re3+ Kf8 86. Rf3+ Ke8 87. Rf2 Ke7 88.
Ra2 Kf8 89. Ra8+ Kf7 90. Ra7+ Kf8 91. Rb7 Rf1 92. Rb8+ Kf7 93. Rg8 Rf2 94. Rg7+ Kf8 95. Rg8+ Kf7 96. Rb8 Rf1 97. Rb7+ Kf8 98. Rb8+ Kf7 1/2-1/2

[Event "Early-Titled-Tuesday-Blitz-July-09-2024"]
[Site "Chess.com"]
[Date "2024.07.09"]
[Round "4"]
[White "Resignify"]
[Black "klercaku"]
[Result "1/2-1/2"]
[WhiteElo "2272"]
[BlackElo "2385"]
[TimeControl "180+1"]
[EndTime "8:42:36 PDT"]
[Termination "Game drawn by 50-move rule"]

1. e4 e5 2. Nf3 Nc6 3. Bb5 a6 4. Ba4 Nf6 5. O-O b5 6. Bb3 Be7 7. Re1 O-O 8. c3 d6 9. d3 Na5 10. Bc2 c5 11. Nbd2 Qc7 12. Nf1 h6 13. h3 Re8 14. g4 c4 15. d4 Nc6 16. Ng3 Nb8 17.
Kg2 Nbd7 18. Be3 Nf8 19. Qd2 Ng6 20. b3 Bb7 21. bxc4 bxc4 22. g5 hxg5 23. Bxg5 Bd8 24. d5 Nd7 25. Be3 Nc5 26. Nf5 Bc8 27. Rh1 Rb8 28.
Rab1 Rxb1 29. Bxb1 Bd7 30. h4 Ne7 31. Nxe7+ Bxe7 32.
Ng5 Bg4 33. Bc2 Bh5 34. Rb1 Bxg5 35. hxg5 Bg6 36. f3 Rb8 37. Bxc5 Rxb1 38. Bxd6 Qxd6 39.
Bxb1 Bh5 40. Bc2 f6 41. gxf6 gxf6 42. Bd1 Kf7 43. Qh6 Bg6 44. Qh3 Qc7 45. Qe6+ Kg7 46. Be2 Bf7 47. Qg4+ Kf8 48. Qh4 Ke7 49. Qh3 Qd6 50.
Qg3 Qa3 51. Qf2 Qxc3 52. Qa7+ Kf8 53. Qc5+ Kg7 54. Qxc4 Qd2 55. Qxa6 Bh5 56. a4 Be8 57. Qd3 Qa5 58. Qc2 Qxa4 59. Qxa4 Bxa4 60. Kg3 Bd7 61. Bf1 f5 62. Bh3 f4+ 63. Kg2 Be8 64. Be6 Kf6 65.
Kh3 Ke7 66. Kg4 Kd6 67. Kf5 Ba4 68. Kf6 Bd1 69. Bg4 Be2 70. Kg5 Bd3 71. Kh4 Bc4 72.
Kh3 Bd3 73. Kg2 Bc2 74. Kf2 Bb3 75. Ke2 Ba4 76. Kd2 Bb5 77. Bh3 Ba4 78. Ke1 Bb5 79. Bf1 Ba4 80. Be2 Bd7 81. Kd2 Bh3 82. Ke1 Bg2 83.
Kf2 Bh3 84. Bf1 Bc8 85. Kg2 Bd7 86. Be2 Bc8 87. Bb5 Bb7 88. Kf2 Bc8 89. Bc6 Ba6 90.
Ba4 Bc8 91. Bb3 Ba6 92. Bc2 Bc8 93. Bd3 Bd7 94. Bf1 Bc8 95. Kg2 Bd7 96. Kh2 Bc8 97.
Be2 Bd7 98. Ba6 Be8 99. Bf1 Bd7 100. Bh3 Be8 101. Be6 Bb5 102. Kh3 Ba6 103. Kh4 Be2 104. Bg4 Ba6 105. Kg5 Bb7 106. Kf6 Ba6 107. Kf7 Bb5 108. Kf6 Bc4 109. Kg5 Bd3 110. Kh4 Ba6 111. Kh3 Bb7 112. Kh2 Ba6 1/2-1/2

[Event "Early-Titled-Tuesday-Blitz-July-09-2024"]
[Site "Chess.com"]
[Date "2024.07.09"]
[Round "4"]
[White "pinguino120"]
[Black "elgrona"]
[Result "0-1"]
[WhiteElo "2314"]
[BlackElo "2098"]
[TimeControl "180+1"]
[EndTime "8:44:40 PDT"]
[Termination "elgrona won by resignation"]

1. Nf3 g6 2. g3 Bg7 3. Bg2 Nf6 4. O-O O-O 5. d3 d6 6. e4 e5 7. Nc3 Nc6 8. d4 exd4 9. Nxd4 Bd7 10. Nxc6 bxc6 11.
h3 Rb8 12. Kh2 Re8 13. Rb1 Qc8 14. Be3 Qa6 15. f4 Qa5 16. Qd2 Qh5 17. Bxa7 c5 18. Bxb8 Rxb8 19. Nd5 Ng4+ 20. Kg1 Bd4+ 21. Kh1 Re8 22.
c3 Bg7 23. Kg1 Nf6 24. Nxf6+ Bxf6 25. Kh2 g5 26. e5 Be7 27. f5 Bb5 28. g4 Qh4 29. Qf2 Bxf1 30. Qxh4 gxh4 31. Rxf1 dxe5 32. a4 Bd6 33. Be4 Rb8 34. Rf2 c4 35. a5 Bc5 36.
Re2 f6 37. Rd2 Kf8 38. Kg2 Ke7 39. Kf3 h6 40. a6 Rb6 41. Bb7 Rb3 42. Ke4 Bb6 43.
Kd5 Rb5+ 44. Kxc4 Rc5+ 45. Kd3 c6 46. b4 Rd5+ 47. Ke2 Rxd2+ 48. Kxd2 Kd6 49. Kd3 c5 50. b5 Ba5 51. c4 Bb6 52. Ke4 Ba5 53. Bd5 Bb6 54. Be6 Ba7 55. Kd3 Bb6 56. Bd5 Ba7 57. Kc3 Bb6 58. Kb3 Kc7 59. Ka4 Ba7 60. Bc6 Kb6 61.
Kb3 Kc7 62. Kc3 Kd6 63. Kd3 Bb6 64. Ke4 Ba5 65. Kf3 Bb6 66. g5 hxg5 67. Kg4 Ke7 68. Kh5 Ba7 69. Kg6 Bb6 70. Kg7 Ba7 71.
Bd5 Bb6 72. Be4 Ba7 73. Kg6 Bb6 74. Kh5 Ba7 75. Kg4 Bb6 76. Kf3 Ba7 77. Ke3 Kd6 78. Kd3 Kc7 79. Bd5 Kd6 80. Bc6 Bb6 81. Ke4 Ba7 82.
Kd3 Bb6 83. Kc3 Ba7 84. Kb3 Kc7 85. Ka4 Kb6 86. Be8 Bb8 87. Kb3 e4 88. Kc3 Be5+ 89. Kd2 Bf4+ 90. Ke2 e3 91. Bc6 Ka7 92. Bf3 Kb6 93.
Kd3 Ka7 94. Ke4 Kb6 95. Kd5 Be5 96. Ke6 Ka7 97. Kd7 Bd4 98. Kc6 e2 99. Bxe2 Be3 100. b6+ Kxa6 101. b7 Ka7 102. Bf3 Bd4 103. Kc7 Be5+ 104. Kc8 Bb8 105. Bc6 Be5 106. Bd5 Bb8 107. Kd7 Be5 108.
Kc6 Bd4 109. Kd7 Kb8 110. Ke7 Be5 111. Ke6 Kc7 112. Kf7 Bd4 113. Ke6 Be5 114. Be4 Bd4 115. Kd5 Be5 116. Kxc5 Bd6+ 117. Kb5 Be5 118. c5 Bf4 119. Kc4 Be5 120. Kd5 Bf4 121. c6 Be5 122. Ke6 Kb8 123. Kd7 Bc7 124. Ke7 Be5 125. Kd7 Bf4 126. Bd5 Be5 127. Be6 Bf4 128. Ke7 Be5 129. Bc8 Bf4 130. Kd7 Be5 131. Ke6 Bd4 132. Bd7 Be5 133. Be8 Kc7 134. Bg6 Bd4 135. Be8 Be5 136. Kd5 Kb8 137. Kc5 Kc7 138. Kb5 Bf4 139. Ka6 Kb8 140. Kb6 Bc7+ 141. Kc5 Be5 142. Kd5 Kc7 143. Ke6 Bd4 144. Ke7 Be5 145. Bd7 Bd4 146. Ke8 Be5 147. b8=Q+ Kxb8 148. Kd8 g4 149. Ke7 gxh3 150. c7+ Kxc7 151. Be6 h2 152. Bd5 Kb6 153. Kf7 Kc5 154. Bh1 Kd4 155. Kg6 Ke3 156. Kh5 Kf2 157. Kxh4 Kg1 158. Be4 h1=Q+ 159. Bxh1 Kxh1 160. Kg4 Kg2 161. Kh5 Kf3 162. Kg6 Ke4 163. Kf7 Kxf5 0-1

[Event "Early-Titled-Tuesday-Blitz-July-09-2024"]
[Site "Chess.com"]
[Date "2024.07.09"]
[Round "5"]
[White "Nekoo04"]
[Black "Renatoforf"]
[Result "1-0"]
[WhiteElo "2384"]
[BlackElo "2125"]
[TimeControl "180+1"]
[EndTime "8:51:59 PDT"]
[Termination "Nekoo04 won by resignation"]

1. Nf3 Nf6 2. g3 g6 3. Bg2 Bg7 4. O-O O-O 5. d4 d6 6. c4 Nc6 7.
Nc3 e5 8. dxe5 Nxe5 9. Nxe5 dxe5 10. Qxd8 Rxd8 11. Bg5 c6 12. Ne4 1-0

[Event "Early-Titled-Tuesday-Blitz-July-09-2024"]
[Site "Chess.com"]
[Date "2024.07.09"]
[Round "5"]
[White "AlexandraSamaganova"]
[Black "MikeWizard"]
[Result "1-0"]
[WhiteElo "2370"]
[BlackElo "2082"]
[TimeControl "180+1"]
[EndTime "8:53:12 PDT"]
[Termination "AlexandraSamaganova won by resignation"]

1. c4 Nf6 2. Nc3 g6 3. g3 Bg7 4.
Bg2 O-O 5. e4 d6 6. Nge2 c5 7.
O-O Nc6 8. d3 Rb8 9. f4 Bg4 10.
h3 Bxe2 11. Nxe2 Qc8 12. a3 e5 13. f5 b5 14. cxb5 Rxb5 15. g4 Nd4 16. Nc3 h6 17.
Nxb5 Nxb5 18. fxg6 fxg6 19. Qb3+ c4 20. Qxb5 1-0

[Event "Early-Titled-Tuesday-Blitz-July-09-2024"]
[Site "Chess.com"]
[Date "2024.07.09"]
[Round "5"]
[White "isla88"]
[Black "elizabethcastaneda"]
[Result "1-0"]
[WhiteElo "2434"]
[BlackElo "2284"]
[TimeControl "180+1"]
[EndTime "8:53:20 PDT"]
[Termination "isla88 won by resignation"]

1. Nf3 Nf6 2. b3 g6 3. Bb2 Bg7 4. e3 O-O 5. d4 d6 6. Be2 c5 7. O-O cxd4 8. Nxd4 Nc6 9. Nxc6 bxc6 10. c4 Qc7 11. Nc3 Bf5 12. Bf3 Rab8 13. Rc1 Rfd8 14. Qe2 e5 15. g4 Be6 16. g5 Nd7 17. h4 a5 18. Nd5 Nc5 19. Nxc7 1-0

[Event "Early-Titled-Tuesday-Blitz-July-09-2024"]
[Site "Chess.com"]
[Date "2024.07.09"]
[Round "5"]
[White "kyawmyataung2005"]
[Black "Fractingale"]
[Result "1-0"]
[WhiteElo "2333"]
[BlackElo "2069"]
[TimeControl "180+1"]
[EndTime "8:53:49 PDT"]
[Termination "kyawmyataung2005 won by resignation"]

1. e4 c6 2. d4 d5 3. Nc3 dxe4 4. Nxe4 Nf6 5. Nxf6+ exf6 6. c3 Bd6 7. Bd3 O-O 8. Ne2 Re8 9. Qc2 h5 10. Be3 Nd7 11.
c4 Nf8 12. h3 Ne6 13. O-O-O Qa5 14. Kb1 b5 15. d5 bxc4 16. Bh7+ Kh8 17. dxe6 Bxe6 18.
Rxd6 1-0

[Event "Early-Titled-Tuesday-Blitz-July-09-2024"]
[Site "Chess.com"]
[Date "2024.07.09"]
[Round "5"]
[White "dey2580"]
[Black "Nechitaylo_Nikita"]
[Result "1-0"]
[WhiteElo "2469"]
[BlackElo "2309"]
[TimeControl "180+1"]
[EndTime "8:53:59 PDT"]
[Termination "dey2580 won by checkmate"]

1. g3 d5 2. Bg2 c5 3. Nf3 Nc6 4. d4 cxd4 5. Nxd4 e5 6. Nxc6 bxc6 7. O-O Nf6 8. c4 Be6 9. Nc3 Bb4 10. cxd5 Nxd5 11.
Qa4 Bxc3 12. Qxc6+ Qd7 13. Qxa8+ Ke7 14. Qxh8 Bd4 15. Qxg7 Nb4 16. Bg5+ Kd6 17. e3 Bxb2 18. Rad1+ Bd4 19. exd4 Kc7 20. Qxe5+ Kc8 21. Rc1+ Nc6 22. Rxc6+ Qxc6 23. Bxc6 Bd7 24. Bf4 Kd8 25. Qd6 Ke8 26. Bxd7+ Kd8 27. Bg5+ f6 28. Bxf6# 1-0

[Event "Early-Titled-Tuesday-Blitz-July-09-2024"]
[Site "Chess.com"]
[Date "2024.07.09"]
[Round "5"]
[White "IlanSchnaider"]
[Black "FARIZA2018"]
[Result "1-0"]
[WhiteElo "2843"]
[BlackElo "2633"]
[TimeControl "180+1"]
[EndTime "8:54:09 PDT"]
[Termination "IlanSchnaider won by resignation"]

1. e4 e5 2. Nf3 Nc6 3. d4 exd4 4. Bc4 Nf6 5. O-O Nxe4 6. Nc3 Nxc3 7. bxc3 d5 8. Bb5 dxc3 9. Re1+ Be7 10. Nd4 Qd6 11. Nxc6 bxc6 12. Ba3 Qxa3 13. Bxc6+ Bd7 14. Bxa8 c6 15.
Qe2 f6 16. Rab1 Kf7 17. Bxc6 Qd6 18. Bxd5+ Qxd5 19. Qxe7+ Kg6 20. Rbd1 1-0

[Event "Early-Titled-Tuesday-Blitz-July-09-2024"]
[Site "Chess.com"]
[Date "2024.07.09"]
[Round "5"]
[White "glucolisis04"]
[Black "LileKoridze"]
[Result "1-0"]
[WhiteElo "2305"]
[BlackElo "2414"]
[TimeControl "180+1"]
[EndTime "8:54:26 PDT"]
[Termination "glucolisis04 won by resignation"]

1. d4 Nf6 2. c4 e6 3. Nc3 Bb4 4. e3 O-O 5. Ne2 d5 6. a3 Bxc3+ 7. Nxc3 b6 8. Bd3 Bb7 9. O-O dxc4 10. Bxc4 Nbd7 11.
b4 c5 12. bxc5 bxc5 13. Rb1 Bc6 14. a4 Qc7 15. Ba3 Rfd8 16. Qe2 cxd4 17. exd4 Nb6 18.
Bb5 Bxg2 19. Kxg2 Qd7 20. Bxd7 1-0

[Event "Early-Titled-Tuesday-Blitz-July-09-2024"]
[Site "Chess.com"]
[Date "2024.07.09"]
[Round "5"]
[White "Payyappat"]
[Black "campochess"]
[Result "1-0"]
[WhiteElo "2416"]
[BlackElo "2249"]
[TimeControl "180+1"]
[EndTime "8:54:31 PDT"]
[Termination "Payyappat won by resignation"]

1. e4 c5 2. Nf3 Nc6 3. d4 cxd4 4. Nxd4 e5 5. Nb5 a6 6. Nd6+ Bxd6 7. Qxd6 Qe7 8. Qd1 Nf6 9. Nc3 d6 10. Bg5 Be6 11.
Qd2 Rd8 12. O-O-O h6 13. Bxf6 Qxf6 14. Nd5 Bxd5 15. exd5 Ne7 16. h4 O-O 17. g4 Nc8 18. Bd3 Qe7 19. g5 h5 20. f4 exf4 21. Rde1 Qc7 22.
Qxf4 Nb6 23. g6 f6 24. Qf5 Rfe8 25. Qxh5 Re5 26. Qh7+ Kf8 27. Qh8+ 1-0

[Event "Early-Titled-Tuesday-Blitz-July-09-2024"]
[Site "Chess.com"]
[Date "2024.07.09"]
[Round "5"]
[White "Feegus"]
[Black "kuchma777"]
[Result "0-1"]
[WhiteElo "2616"]
[BlackElo "2481"]
[TimeControl "180+1"]
[EndTime "8:54:38 PDT"]
[Termination "kuchma777 won by resignation"]

1. d4 Nf6 2. c4 e6 3. Nf3 d5 4. g3 Be7 5. Bg2 O-O 6. O-O c6 7. b3 b6 8. Bb2 Bb7 9. Nbd2 Nbd7 10. Qc2 Rc8 11. Rfd1 c5 12. dxc5 Bxc5 13. e3 Qe7 14. a3 dxc4 15. bxc4 Rfd8 16. Nb3 Be4 17. Qd2 h6 18.
Nxc5 Nxc5 19. Qb4 Qb7 20. Bxf6 Rxd1+ 21. Rxd1 Bxf3 22. Bxf3 Qxf3 23. Rd8+ Rxd8 24. Bxd8 Qd1+ 25. Kg2 Qxd8 26. f3 Qd3 27. e4 Qe2+ 0-1

[Event "Early-Titled-Tuesday-Blitz-July-09-2024"]
[Site "Chess.com"]
[Date "2024.07.09"]
[Round "5"]
[White "JoJoZP"]
[Black "burbur555"]
[Result "0-1"]
[WhiteElo "2503"]
[BlackElo "2735"]
[TimeControl "180+1"]
[EndTime "8:54:40 PDT"]
[Termination "burbur555 won by resignation"]

1. Nf3 d5 2. e3 c6 3. c4 Nf6 4.
Nc3 a6 5. b3 Bf5 6. Bb2 e6 7.
d4 Nbd7 8. Bd3 Bxd3 9. Qxd3 Be7 10. O-O O-O 11. Rfe1 b5 12. a4 bxc4 13. bxc4 Rb8 14.
Rab1 Bb4 15. cxd5 cxd5 16. Qxa6 Ne4 17. Qd3 Qa5 18. Rbc1 Rfc8 19. Nxe4 dxe4 20. Qxe4 Bxe1 21. Rxc8+ Rxc8 22. Qb7 Rd8 0-1

[Event "Early-Titled-Tuesday-Blitz-July-09-2024"]
[Site "Chess.com"]
[Date "2024.07.09"]
[Round "5"]
[White "Mysterio47"]
[Black "Hudijegszid"]
[Result "1-0"]
[WhiteElo "2750"]
[BlackElo "2512"]
[TimeControl "180+1"]
[EndTime "8:54:46 PDT"]
[Termination "Mysterio47 won by resignation"]

1. e4 c6 2. d4 d5 3. e5 c5 4. c3 cxd4 5. cxd4 Nc6 6. Be2 Bf5 7. Nc3 e6 8. a3 Nge7 9. Nf3 h6 10. O-O Rc8 11.
Nb5 Ng6 12. Be3 Nh4 13. Nxh4 Qxh4 14. Qa4 a6 15. Na7 Rc7 16. Rac1 Be7 17. Nxc6 bxc6 18. Rxc6 Rxc6 19. Qxc6+ Kf8 20. g3 1-0

[Event "Early-Titled-Tuesday-Blitz-July-09-2024"]
[Site "Chess.com"]
[Date "2024.07.09"]
[Round "5"]
[White "WPWPWP-2015"]
[Black "pfalcon1949"]
[Result "1-0"]
[WhiteElo "2530"]
[BlackElo "1897"]
[TimeControl "180+1"]
[EndTime "8:54:49 PDT"]
[Termination "WPWPWP-2015 won by resignation"]

1. d4 d5 2. Nf3 e6 3. c4 Nf6 4.
Nc3 Be7 5. Bf4 O-O 6. Rc1 c5 7. cxd5 Nxd5 8. Nxd5 exd5 9. dxc5 Nc6 10. e3 Qa5+ 11. Qd2 Qxa2 12. Bd3 Be6 13. O-O Qa5 14. Qxa5 Nxa5 15. b4 Nc4 16. Nd4 a5 17. Nxe6 fxe6 18. Bxc4 dxc4 19. Rxc4 axb4 20. Rxb4 Bxc5 21. Rxb7 Ra2 22.
h4 Rd8 23. Be5 Bf8 24. Bd4 Rda8 25. Rc1 R2a7 26. Bxa7 Rxa7 27. Rxa7 1-0

[Event "Early-Titled-Tuesday-Blitz-July-09-2024"]
[Site "Chess.com"]
[Date "2024.07.09"]
[Round "5"]
[White "Arystanner"]
[Black "Msb2"]
[Result "1/2-1/2"]
[WhiteElo "2909"]
[BlackElo "3103"]
[TimeControl "180+1"]
[EndTime "8:54:57 PDT"]
[Termination "Game drawn by repetition"]

1. e4 e6 2. d4 d5 3. e5 c5 4. c3 Nc6 5. Nf3 Nge7 6. Na3 Bd7 7. Be2 cxd4 8. cxd4 Nf5 9. Nc2 Be7 10. Bd3 O-O 11. g4 Nh4 12. Nxh4 Bxh4 13. g5 Bxg5 14. Qh5 h6 15.
Rg1 f5 16. Bxg5 hxg5 17. Qxg5 Qxg5 18. Rxg5 Kf7 19. h4 g6 20. Kd2 Rh8 21. Rh1 Rh6 22. h5 Rxh5 23. Rgxh5 gxh5 24. Rxh5 Kg6 25. Rh1 a5 26. a4 Nb4 27. Nxb4 axb4 28. b3 Rc8 29.
Rg1+ Kf7 30. Rh1 Kg6 31. Rg1+ Kf7 32. Rh1 Kg6 1/2-1/2

[Event "Early-Titled-Tuesday-Blitz-July-09-2024"]
[Site "Chess.com"]
[Date "2024.07.09"]
[Round "5"]
[White "Matols"]
[Black "CristianS27"]
[Result "1-0"]
[WhiteElo "2363"]
[BlackElo "2509"]
[TimeControl "180+1"]
[EndTime "8:54:57 PDT"]
[Termination "Matols won by resignation"]

1. d4 Nf6 2. c4 g6 3. g3 Bg7 4. Nc3 O-O 5. Bg2 d6 6. Nf3 Nc6 7. O-O a6 8. h3 Bd7 9. e4 e5 10. d5 Nd4 11. Be3 Nxf3+ 12. Qxf3 Qc8 13. g4 Ne8 14. Qg3 f5 15. gxf5 gxf5 16. f4 fxe4 17. Nxe4 Kh8 18. fxe5 dxe5 19. Rxf8+ Bxf8 20. Rf1 Bg7 21. Ng5 Nd6 22. Nf7+ Nxf7 23. Rxf7 Bf8 24. Be4 1-0

[Event "Early-Titled-Tuesday-Blitz-July-09-2024"]
[Site "Chess.com"]
[Date "2024.07.09"]
[Round "5"]
[White "urano56"]
[Black "Aragon"]
[Result "1-0"]
[WhiteElo "2396"]
[BlackElo "2172"]
[TimeControl "180+1"]
[EndTime "8:54:59 PDT"]
[Termination "urano56 won by resignation"]

1. d4 d5 2. c4 e6 3. Nc3 c6 4. e3 a6 5. Nf3 Nf6 6. Bd3 Nbd7 7. O-O dxc4 8. Bxc4 b5 9. Bd3 c5 10.
a3 c4 11. Bc2 Be7 12. e4 Bb7 13. e5 Nd5 14. Ne4 h6 15. Re1 O-O 16. h4 Re8 17.
Nfg5 Nf8 18. Qh5 Ng6 19. Nxf7 Kxf7 20. Ng5+ hxg5 21. Bxg6+ 1-0

[Event "Early-Titled-Tuesday-Blitz-July-09-2024"]
[Site "Chess.com"]
[Date "2024.07.09"]
[Round "5"]
[White "Rud_Makarian"]
[Black "Suleyman_Chess06"]
[Result "1-0"]
[WhiteElo "3007"]
[BlackElo "2739"]
[TimeControl "180+1"]
[EndTime "8:55:00 PDT"]
[Termination "Rud_Makarian won by resignation"]

1. d4 Nf6 2. Nf3 e6 3. c4 d5 4.
Nc3 Ne4 5. e3 Bb4 6. Qc2 c6 7. Bd3 f5 8. O-O O-O 9. Ne2 Bd6 10. b3 Qf6 11. a4 Nd7 12. a5 g5 13.
Ba3 g4 14. Nd2 Bxh2+ 15. Kxh2 Qh4+ 16. Kg1 Rf6 17. Be7 g3 18. fxg3 Nxg3 19. Nxg3 Qxg3 20. Rf3 Qg5 21. Kf2 Qh4+ 22. Ke2 Qg4 23. Bxf6 Nxf6 24. Rg1 Bd7 25. Nf1 Ne4 26. Kd1 b6 27. Kc1 Kh8 28. Bxe4 dxe4 29. Rg3 Qh5 30. Rh3 Qg6 31. Rgh1 bxa5 32.
Rxh7+ Qxh7 33. Rxh7+ Kxh7 34. Qa2 Rg8 35. g3 c5 36. Qxa5 cxd4 37. Qxa7 Rg7 38. Qxd4 1-0

[Event "Early-Titled-Tuesday-Blitz-July-09-2024"]
[Site "Chess.com"]
[Date "2024.07.09"]
[Round "5"]
[White "ACollins05"]
[Black "biveklama"]
[Result "0-1"]
[WhiteElo "2491"]
[BlackElo "2678"]
[TimeControl "180+1"]
[EndTime "8:55:04 PDT"]
[Termination "biveklama won by checkmate"]

1. d4 d6 2. Nf3 Nc6 3. e4 Nf6 4. Nc3 g6 5. Be2 Bg7 6. O-O O-O 7. h3 e5 8. Be3 Bd7 9. Qd2 Re8 10. dxe5 Nxe5 11. Nxe5 Rxe5 12. Bd3 Bc6 13. Bd4 Re8 14. Rfe1 Nh5 15. Bxg7 Kxg7 16. Rad1 Qf6 17. Bf1 Qf4 18. Qxf4 Nxf4 19. g3 Ne6 20. e5 dxe5 21. Rxe5 Rad8 22.
Rxd8 Rxd8 23. Bc4 Rd2 24. Re2 Nd4 25. Re7 Nf3+ 26. Kf1 Rxc2 27. Rxf7+ Kh6 28. Bd3 Rc1+ 29. Ke2 Re1# 0-1

[Event "Early-Titled-Tuesday-Blitz-July-09-2024"]
[Site "Chess.com"]
[Date "2024.07.09"]
[Round "5"]
[White "Ditman2007"]
[Black "chrisclaireredfield"]
[Result "1-0"]
[WhiteElo "2713"]
[BlackElo "2509"]
[TimeControl "180+1"]
[EndTime "8:55:05 PDT"]
[Termination "Ditman2007 won by resignation"]

1. e4 e5 2. Nf3 Nf6 3. d4 Nxe4 4.
Bd3 d5 5. Nxe5 Nd7 6. Nc3 Nxc3 7. bxc3 Nxe5 8. dxe5 Bc5 9. O-O O-O 10. Qh5 g6 11. Qh6 Re8 12. Bg5 Be7 13. f4 Be6 14. Bxe7 Qxe7 15.
f5 gxf5 16. Bxf5 Bxf5 17. Rxf5 Kh8 18. Raf1 Qc5+ 19. Kh1 Re6 20. Qh4 Qe3 21. Rxf7 Rh6 22. Rf8+ Rxf8 23. Rxf8+ Kg7 24. Qe7+ Kg6 25. Qf7+ Kg5 26.
Qf5+ Kh4 27. g3+ 1-0